 Dungeon Crawl Stone Soup version 0.30-a0-585-g93115170b9 (webtiles) character file.

Game seed: 6193868848902446949

152 cforsyth the Ruffian (level 5, -1/48 HPs)
             Began as a Ghoul Monk on Jan 1, 2023.
             Slain by a gnoll
             ... wielding a +3 spear
              (2 damage)
             ... on level 3 of the Dungeon.
             The game lasted 00:03:09 (2180 turns).

cforsyth the Ruffian (Ghoul Monk)                   Turns: 2180, Time: 00:03:10

Health: -1/48      AC:  4    Str: 17    XL:     5   Next: 34%
Magic:  4/4        EV: 12    Int:  5    God:
Gold:   108        SH:  0    Dex: 11    Spells: 4/4 levels left

rFire   . . .      SeeInvis .      - Unarmed
rCold   + . .      Faith    .    (no shield)
rNeg    + + +      Spirit   .    a - +0 robe
rPois   ∞          Reflect  .    q - +0 helmet
rElec   .          Harm     .    (no cloak)
rCorr   .          Rampage  .    (no gloves)
Will    ++...                    h - +0 pair of boots
Stlth   ++                       c - amulet of regeneration
HPRegen 0.00/turn                j - ring of willpower
MPRegen 0.09/turn                k - ring of willpower

@: inhibited regen
A: claws 1, cold resistance 1, negative energy resistance 3, inhibited
regeneration, torment resistance 2, devour on kill
a: no special abilities


You were on level 3 of the Dungeon.
You visited 1 branch of the dungeon, and saw 3 of its levels.

You collected 118 gold pieces.
You spent 10 gold pieces at shops.

Inventory:

Armour
 a - a +0 robe (worn)
 h - a +0 pair of boots (worn)
 q - a +0 helmet (worn)
Jewellery
 c - an amulet of regeneration (around neck)
 j - a ring of willpower (left claw)
 k - a ring of willpower (right claw)
 n - a ring of flight
 s - a +5 ring of evasion
 t - an amulet of faith
Scrolls
 d - 3 scrolls of silence {unknown}
 g - a scroll of enchant armour {unknown}
 i - a scroll of butterflies
 o - 2 scrolls of identify {unknown}
 r - a scroll of teleportation {unknown}
 u - a scroll of vulnerability {unknown}
Potions
 e - a potion of brilliance {unknown}
 f - a potion of resistance {unknown}
 l - a potion of flight {unknown}
 m - a potion of mutation {unknown}
 p - 2 potions of magic {unknown}


   Skills:
 + Level 5.1 Fighting
 - Level 2.6 Dodging
 - Level 2.1 Stealth
 + Level 5.1 Unarmed Combat


You had 4 spell levels left.
You didn't know any spells.
Your spell library was empty.

Dungeon Overview and Level Annotations

Branches:
Dungeon (3/15)

Altars:
Vehumet

Shops:
D:1 *   D:2 ?


Innate Abilities, Weirdness & Mutations

You are immune to poison.
You have sharp fingernails.
Your flesh is cold resistant. (rC+)
You are immune to negative energy. (rN+++)
You do not regenerate when monsters are visible.
You are immune to unholy pain and torment.
You thrive by killing the living.


Message History

You barely miss the gnoll. The gnoll closely misses you.
You scratch the gnoll.
The gnoll is lightly wounded.
You closely miss the gnoll.
The gnoll is lightly wounded.
The gnoll closely misses you.
You closely miss the gnoll.
The gnoll is lightly wounded.
The gnoll barely misses you.
You scratch the gnoll but do no damage.
The gnoll is lightly wounded.
The gnoll hits you with a +3 spear!
You closely miss the gnoll.
The gnoll is lightly wounded.
The gnoll misses you.
You barely miss the gnoll.
The gnoll is lightly wounded.
The gnoll hits you with a +3 spear.
You scratch the gnoll.
The gnoll is heavily wounded.
The gnoll hits you with a +3 spear!
* * * LOW HITPOINT WARNING * * *
You scratch the gnoll.
The gnoll is heavily wounded.
The gnoll hits you with a +3 spear!
* * * LOW HITPOINT WARNING * * *
You barely miss the gnoll.
The gnoll is heavily wounded.
The gnoll barely misses you.
You barely miss the gnoll.
The gnoll is heavily wounded.
The gnoll hits you but does no damage.
Unknown command.
As you read the scroll labelled EBE OCAB CUFE, it crumbles to dust.
You hear the tinkle of a tiny bell.
It was a scroll of butterflies.
The gnoll hits you with a +3 spear.
* * * LOW HITPOINT WARNING * * *
You swap places.
The gnoll hits you from afar with a +3 spear.
You die...

#### #.. #!#######
##########b#......
....gggb@..b.....# #
##########b#bb.#.# #.#
#.......bb#.#.###.#
#.#####.#.b.#.#..... #.#
#.#..##.#.#.#.## #.#
#.#..##.#.#.# ..
..#####.#####.#...#.#.#.# #.
......................#†###.
#.###########..............(


You could see 3 gnolls.

Vanquished Creatures
  Robin (D:2)
  A gnoll (D:3)
  6 adders
  An ufetubus (D:2)
  A dart slug (D:2)
  7 ball pythons
  5 bats
  3 endoplasms
  A giant cockroach (D:1)
  11 goblins
  9 hobgoblins
  9 jackals
  A quokka (D:1)
  3 frilled lizards
  A kobold (D:1)
  4 rats (D:1)
64 creatures vanquished.

Notes
Turn   | Place    | Note
-------+----------+-------------------------------------------
     0 | D:1      | cforsyth the Ghoul Monk began the quest for the Orb.
     0 | D:1      | Reached XP level 1. HP: 19/19 MP: 0/0
   113 | D:1      | Found Lyun's General Store.
   269 | D:1      | Reached XP level 2. HP: 22/26 MP: 1/1
   788 | D:1      | Found a faded altar of an unknown god.
  1122 | D:2      | Reached XP level 3. HP: 31/33 MP: 2/2
  1176 | D:2      | Found Penietutwe's Magic Scroll Shoppe.
  1181 | D:2      | Bought a scroll of noise for 10 gold pieces
  1241 | D:2      | Reached XP level 4. HP: 34/41 MP: 3/3
  1282 | D:2      | Found a radiant altar of Vehumet.
  1667 | D:2      | Noticed Robin
  1883 | D:2      | Killed Robin
  1884 | D:2      | Reached XP level 5. HP: 18/47 MP: 4/4
  2054 | D:3      | Reached skill level 5 in Fighting
  2054 | D:3      | Reached skill level 5 in Unarmed Combat
  2179 | D:3      | HP: 1/48 [gnoll/+3 spear (4)]
  2180 | D:3      | Slain by a gnoll

Illustrated notes

Levels and vault maps discovered:
D:1:      elethiomel_arrival_maze, layout_basic,
          shapermc_ecumenical_altar_hornbeckon, serial_shops, shop_fountains
D:2:      layout_basic, serial_shops, shop, basic_altar, minivault_4, uniq_robin
D:3:      layout_loops_ring

Skill      XL: |  1  2  3  4  5 |
---------------+----------------+-----
Fighting       | 4 5 |  5.1
Unarmed Combat | 4 5 |  5.1
Dodging        | |  2.6
Stealth        | |  2.1

Action                   |  1- 3 |  4- 6 || total
-------------------------+-------+-------++-------
Melee: Unarmed           |    84 |   143 ||   227
       Punch             |     1 |     2 ||     3
  Use: Scroll            |       |     1 ||     1
       Potion            |       |     1 ||     1
 Stab: Sleeping          |     4 |     2 ||     6
Armor: Robe              |    21 |    63 ||    84
Dodge: Dodged            |    50 |   133 ||   183

Table legend: (Time is in decaauts)
 A = Elapsed time spent in this place.
 B = Non-inter-level travel time spent in this place.
 C = Inter-level travel time spent in this place.
 D = Time resting spent in this place.
 E = Time spent auto-exploring this place.
 F = Levels seen in this place.
 G = Mean time per level.
                   A        B        C        D        E       F      G
               +--------+--------+--------+--------+--------+-----+--------+
         Total |   2171 |   2044 |    127 |    120 |   1464 |   3 |  723.7 |
       Dungeon |   2171 |   2044 |    127 |    120 |   1464 |   3 |  723.7 |
               +--------+--------+--------+--------+--------+-----+--------+

Top non-repeatable levels by time:
     D:1: 1250 daAuts
     D:2: 758 daAuts
     D:3: 162 daAuts
